 Dungeon Crawl Stone Soup version 0.28.0-45-g0d030f2227 (webtiles) character file.

Game seed: 3787835268115432614

106469 Icepheonix32 the Tortoise (level 15, 0/112 HPs)
             Began as a Demonspawn Fighter on Apr 14, 2022.
             Was an Elder of Okawaru.
             Slain by an orc knight
             ... wielding a +4 great mace
              (22 damage)
             ... on level 2 of the Orcish Mines on Apr 15, 2022.
             The game lasted 01:20:54 (34518 turns).

Icepheonix32 the Tortoise (Demonspawn Fighter)     Turns: 34518, Time: 01:20:55

Health: 0/112      AC: 51    Str: 21    XL:     15   Next: 97%
Magic:  22/22      EV: 15    Int: 10    God:    Okawaru [****..]
Gold:   2199       SH: 38    Dex: 22    Spells: 14/14 levels left

rFire   . . .      SeeInvis +   l - +6 falchion of Quick Death {flame, Fragile Dex+7}
rCold   . . .      Faith    .   e - +18 shield of the Gong {rElec rN+ Will+ EV-5}
rNeg    + . .      Spirit   .   S - +10 chain mail of Sovereignty {SInv}
rPois   .          Reflect  +   (helmet unavailable)
rElec   +          Harm     .   a - +1 cloak of Starlight {*Dazzle EV+4 Stlth--}
rCorr   .          Rampage  .   s - +1 pair of gloves
Will    ++...                   m - +1 pair of boots
Stlth   ..........              z - amulet of reflection
HPRegen 0.28/turn               o - +4 ring of protection
MPRegen 0.18/turn               u - +4 ring of protection

@: mighty, heroic, sanguine armoured
A: horns 3, foul stench 1, powered by pain 2, sanguine armour 2
a: Renounce Religion, Heroism, Finesse


You were on level 2 of the Orcish Mines.
You worshipped Okawaru.
Okawaru was greatly pleased with you.
You visited 4 branches of the dungeon, and saw 24 of its levels.
You also visited: Volcano.

You collected 2248 gold pieces.
You spent 49 gold pieces at shops.

Inventory:

Hand Weapons
 l - the +6 falchion of Quick Death (weapon) {flame, Fragile Dex+7}
   (You took it off a goblin on level 2 of the Dungeon)

   It burns those it strikes, dealing additional fire damage.
   Big, fiery blades are also staple armaments of hydra-hunters.
   Dex:       It affects your dexterity (+7).
   Fragile:   It will be destroyed if unequipped.
 E - the +6 falchion of the Crushed Spirits {drain, rCorr}
   (Okawaru gifted it to you on level 6 of the Lair of Beasts)

   A truly terrible weapon, it drains the life of any living foe it strikes.
   rCorr:     It protects you from acid and corrosion.
 H - the +4 dagger "Morg" {pain, Will+ Int+5}
   (You found it on level 6 of the Dungeon)

   In the hands of one skilled in necromantic magic, it inflicts extra damage on
   living creatures.
   Int:       It affects your intelligence (+5).
   Will:      It increases your willpower.
 Y - a +7 demon blade of protection
Missiles
 w - 6 silver javelins
 x - 9 javelins
 A - 3 throwing nets
 F - 2 datura-tipped darts
 J - 14 boomerangs
 O - 2 curare-tipped darts
Armour
 a - the +1 cloak of Starlight (worn) {*Dazzle EV+4 Stlth--}
   (You acquired it on level 7 of the Dungeon)

   It may blind those who miss an attack against the wearer in melee combat.
   EV:        It affects your evasion (+4).
   Stlth:     It makes you much less stealthy.
 e - the +18 shield of the Gong (worn) {rElec rN+ Will+ EV-5}
   (Okawaru gifted it to you on level 9 of the Dungeon)

   It is deafeningly noisy when blocking attacks.
   EV:        It affects your evasion (-5).
   rElec:     It insulates you from electricity.
   rN:        It protects you from negative energy.
   Will:      It increases your willpower.
 m - a +1 pair of boots (worn)
 r - the +3 scale mail "Nonloask" {rElec Str+3 Int-4 SInv}
   (Okawaru gifted it to you on level 6 of the Lair of Beasts)

   Str:       It affects your strength (+3).
   Int:       It affects your intelligence (-4).
   rElec:     It insulates you from electricity.
   SInv:      It lets you see invisible.
 s - a +1 pair of gloves (worn)
 S - the +10 chain mail of Sovereignty (worn) {SInv}
   (Okawaru gifted it to you on level 1 of the Lair of Beasts)

   SInv:      It lets you see invisible.
Jewellery
 b - a ring of willpower
 n - a ring of protection from cold
 o - a +4 ring of protection (left hand)
 p - an amulet of faith
 u - a +4 ring of protection (right hand)
 z - an amulet of reflection (around neck)
 C - a ring of wizardry
Wands
 I - a wand of paralysis (5)
 K - a wand of acid (2)
 L - a wand of flame (43)
 Q - a wand of iceblast (4)
 U - a wand of digging (1)
 Z - a wand of mindburst (10)
Scrolls
 c - a scroll of fog
 g - 5 scrolls of magic mapping
 i - 3 scrolls of torment
 j - 5 scrolls of fear
 t - a scroll of brand weapon
 B - 2 scrolls of blinking
 M - a scroll of enchant armour
 V - a scroll of silence
 W - a scroll of teleportation
Potions
 d - 4 potions of might
 f - a potion of heal wounds
 h - 2 potions of mutation
 k - a potion of resistance
 v - 3 potions of flight
 y - a potion of cancellation
 D - a potion of brilliance
 G - 2 potions of invisibility
 N - 5 potions of curing
 P - a potion of ambrosia
 R - 2 potions of lignification
 T - 3 potions of attraction
 X - a potion of haste
Miscellaneous
 q - a condenser vane


   Skills:
 + Level 8.9(13.9) Fighting
 + Level 12.3(17.3) Long Blades
 + Level 1.4(6.4) Throwing
 * Level 16.6(21.6) Armour
 + Level 8.1(13.1) Dodging
 + Level 6.6(11.6) Stealth
 * Level 10.7(15.7) Shields
 + Level 9.5 Invocations


You had 14 spell levels left.
You didn't know any spells.
Your spell library contained the following spells:

 Spells                   Type           Power      Damage    Failure   Level
 Apportation              Tloc           0%         N/A       92%         1
 Foxfire                  Conj/Fire      0%         2x1d4     92%         1
 Freeze                   Ice            0%         1d3       92%         1
 Shock                    Conj/Air       0%         1d3       92%         1
 Slow                     Hex            0%         N/A       92%         1
 Blink                    Tloc           0%         N/A       98%         2
 Corpse Rot               Necr/Air       0%         N/A       98%         2
 Ensorcelled Hibernation  Hex/Ice        0%         N/A       98%         2
 Passwall                 Tmut/Erth      0%         N/A       98%         2
 Poisonous Vapours        Pois/Air       0%         N/A       98%         2
 Confusing Touch          Hex            0%         N/A       100%        3
 Conjure Flame            Conj/Fire      0%         6-21      100%        3
 Frozen Ramparts          Ice            0%         1d2       100%        3
 Gell's Gravitas          Tloc           0%         N/A       100%        3
 Inner Flame              Hex/Fire       0%         N/A       100%        3
 Lesser Beckoning         Tloc           0%         N/A       100%        3
 Portal Projectile        Hex/Tloc       0%         N/A       100%        3
 Swiftness                Air            0%         N/A       100%        3
 Teleport Other           Tloc           0%         N/A       100%        3
 Vampiric Draining        Necr           0%         2d6       100%        3
 Airstrike                Air            0%         N/A       100%        4
 Cause Fear               Hex            0%         N/A       100%        4
 Flame Wave               Conj/Fire      0%         2d4       100%        4
 Fulminant Prism          Conj/Hex       0%         3d6       100%        4
 Hailstorm                Conj/Ice       0%         3d3       100%        4
 Iskenderun's Mystic Bla  Conj/Tloc      0%         2d3       100%        4
 Passage of Golubria      Tloc           0%         N/A       100%        4
 Petrify                  Tmut/Erth      0%         N/A       100%        4
 Alistair's Intoxication  Tmut/Pois      0%         N/A       100%        5
 Blade Hands              Tmut           0%         N/A       100%        5
 Excruciating Wounds      Necr           0%         N/A       100%        5
 Lee's Rapid Deconstruct  Erth           0%         3d5*      100%        5
 Manifold Assault         Tloc           0%         N/A       100%        5
 Metabolic Englaciation   Hex/Ice        0%         N/A       100%        5
 Yara's Violent Unravell  Hex/Tmut       0%         3d3       100%        5
 Eringya's Noxious Bog    Tmut/Pois      0%         N/A       100%        6
 Statue Form              Tmut/Erth      0%         N/A       100%        6
 Dragon Form              Tmut           0%         N/A       100%        7
 Storm Form               Tmut/Air       0%         N/A       100%        7
 Tukima's Dance           Hex            Unusable   N/A       N/A         3
 Summon Forest            Summ/Tloc      Unusable   N/A       N/A         5
 Summon Hydra             Summ           Unusable   N/A       N/A         7
 Dragon's Call            Summ           Unusable   N/A       N/A         9

Dungeon Overview and Level Annotations

Branches:
Dungeon (15/15)            Temple (1/1) D:6            Lair (6/6) D:10
  Swamp (0/4) Lair:4       Spider (0/4) Lair:3        Slime (0/5) Lair:6
    Orc (2/2) D:10         Vaults (0/5) D:13         Depths (0/4) D:15
Volcano (visited)
    Elf: Orc:2

Altars:
Ashenzari
Cheibriados
Dithmenos
Elyvilon
Fedhas
Gozag
Hepliaklqana
Kikubaaqudgha
Makhleb
Nemelex Xobeh
Okawaru
Qazlal
Ru
Sif Muna
Trog
Uskayaw
Vehumet
Wu Jian
Xom
Yredelemnul
Zin
The Shining One
Beogh
Jiyva
Lugonu

Shops:
D:1 =   D:2 [

Portals:
Abyss: Lair:6

Annotations:
Lair:1 2 runed translucent doors, NotreDorf's ghost, novice MfGl
Lair:4 1 runed translucent door
Lair:5 exclusion: oklob plant


Innate Abilities, Weirdness & Mutations

You have a pair of large horns on your head.
You may rarely emit foul miasma when damaged in melee.
You sometimes gain power by taking damage.
When seriously injured, your blood forms thick armour. (AC +9)


Message History

Unknown command.
You slice the orc knight!! You burn the orc knight.
The orc knight is moderately wounded.
The orc warrior no longer looks unusually strong.
You block the orc knight's attack.
GONNNNG!
The orc knight is engulfed in dark miasma.
The orc knight looks as sick as possible!
The orc knight roars a battlecry!
The orc warrior goes into a battle-frenzy!
The orc knight hits you with a +0 battleaxe!
You block the orc warrior's attack.
SHROANNG!
You hear a shout! x4
You slash the orc knight! You burn the orc knight.
The orc knight is almost dead.
You block the orc warrior's attack.
PANG!
The orc knight barely misses you.
You hear a shout! x2
Unknown command.
You hit the orc knight but do no damage.
You headbutt the orc knight.
You kill the orc knight!
Okawaru accepts your kill.
The orc priest no longer looks unusually strong.
You block the orc warrior's attack.
GONNNNG!
You block the orc's attack.
BOUMMMMG!
The orc wizard misses you. You block the orc warrior's attack.
BOUMMMMG!
You hear a shout! x5
You slice the orc knight!! You burn the orc knight.
You kill the orc knight!
Okawaru accepts your kill.
The orc no longer looks unusually strong.
The orc priest calls down the wrath of Beogh upon you.
Beogh smites you!
* * * LOW HITPOINT WARNING * * *
The orc knight hits you with a +4 great mace!!
You die... ....... ..#.... ....... .....# ###ooo.. ##.oooo

#.)oo# #.)@#
##..## #...# ###
##..###.##
#.......#
#......##
#....#.#######
##...........#####
#..#.#...........#


You could see an orc knight (strong), 2 orc warriors, 3 orc priests, an orc
wizard (strong, invisible) and 2 orcs.

Vanquished Creatures
  Jorgrun (Orc:1)
  Gastronok (Lair:1)
  An orc warlord (Orc:1)
  A stone giant (D:15)
  A red draconian (Volcano)
  6 hydras
  An ice dragon (D:12)
  Fannar (Lair:2)
  A catoblepas (Lair:4)
  4 boulder beetles
  7 centaur warriors
  2 ogre magi
  5 two-headed ogres
  3 tengu warriors
  A death yak (Lair:3)
  3 thrashing horrors (Lair:6)
  Nergalle (Lair:2)
  A glowing orange brain (shapeshifter) (D:15)
  A skeletal warrior (D:13)
  A salamander mystic (Volcano)
  5 orc knights
  Pikel (D:9)
  2 bog bodies (Lair:4)
  5 cyclopes
  2 orc sorcerers (Orc:1)
  3 deep elf pyromancers
  A wolf spider (Lair:6)
  15 ugly things
  6 salamanders (Volcano)
  A manticore (shapeshifter) (D:13)
  A manticore (D:14)
  16 elephants
  A black mamba (shapeshifter) (D:12)
  A large abomination (Lair:6)
  5 black mambas
  5 smoke demons (Lair:6)
  3 gargoyles
  A kobold demonologist (D:12)
  A yaktaur (D:12)
  15 cane toads
  An efreet (D:13)
  5 rime drakes
  4 centaur skeletons (D:13)
  2 unseen horrors (D:12)
  An unseen horror (shapeshifter) (D:14)
  9 komodo dragons
  A polar bear (Lair:5)
  3 ancient zymes (Lair:6)
  8 trolls
  3 meliai
  A wolf spider simulacrum (D:14)
  26 blink frogs
  6 dream sheep (Lair:4)
  8 slime creatures
  A centaur simulacrum (D:13)
  A culicivora (shapeshifter) (Lair:6)
  10 small abominations (Lair:6)
  3 wraiths
  5 wyverns
  2 spriggans
  4 shadows
  70 yaks
  9 basilisks
  2 fire elementals (Lair:2)
  19 vampire mosquitoes
  7 wargs
  5 acid dragons
  18 water moccasins
  24 orc warriors
  A hornet zombie (D:8)
  An ice beast (D:8)
  A sky beast (shapeshifter) (D:11)
  2 sky beasts
  2 necrophages (D:5)
  12 wolves
  9 ogres
  16 centaurs
  A lemure (D:9)
  A phantom (D:7)
  2 kobold brigands
  9 bullfrogs
  3 gnoll sergeants
  4 scorpions
  A wyvern skeleton (D:5)
  A water moccasin skeleton (D:4)
  8 killer bees (D:10)
  6 wights
  2 electric eels (Lair:1)
  5 howler monkeys
  5 centaur zombies
  2 bullfrog zombies
  3 hounds
  A bullfrog skeleton (D:5)
  28 orc priests
  A jelly (D:5)
  2 iguanas
  32 orc wizards
  A howler monkey skeleton (D:4)
  A howler monkey zombie (D:9)
  6 adders
  7 gnolls
  2 white imps
  4 ufetubi
  2 worms (D:2)
  3 dart slugs
  76 orcs
  4 ball pythons
  7 endoplasms
  A giant cockroach (D:1)
  6 goblins
  6 hobgoblins
  10 jackals
  4 kobolds (D:7)
  5 quokkas
  3 bats (D:1)
  2 frilled lizards
  A rat (D:2)
703 creatures vanquished.

Vanquished Creatures (others)
  A small abomination (Lair:6)
  33 fungi
  63 plants
  4 toadstools (Lair:4)
101 creatures vanquished.

Grand Total: 804 creatures vanquished

Notes
Turn   | Place    | Note
-------+----------+-------------------------------------------
     0 | D:1      | Icepheonix32 the Demonspawn Fighter began the quest for the
                  | Orb.
     0 | D:1      | Reached XP level 1. HP: 18/18 MP: 1/1
   247 | D:1      | Gained mutation: You have a pair of small horns on your
                  | head. [demonic ancestry]
   247 | D:1      | Reached XP level 2. HP: 24/24 MP: 2/2
   502 | D:1      | Reached skill level 3 in Armour
   583 | D:1      | Found Tuor's Jewellery Shop.
   813 | D:2      | Gained mutation: When seriously injured, your blood forms
                  | armour. (AC +9) [demonic ancestry]
   813 | D:2      | Reached XP level 3. HP: 29/29 MP: 3/3
   896 | D:2      | Identified the +6 falchion of Quick Death {flame, Fragile
                  | Dex+7}
  1202 | D:2      | Found Jexiorant's Armour Shoppe.
  1662 | D:2      | Bought a +0 pair of boots for 49 gold pieces
  1702 | D:3      | Gained mutation: You sometimes gain a little power by
                  | taking damage. [demonic ancestry]
  1702 | D:3      | Reached XP level 4. HP: 35/36 MP: 4/4
  1792 | D:3      | Noticed a +0 hand axe
  1794 | D:3      | Noticed a +0 hand axe
  1796 | D:3      | Found a hide-covered altar of Uskayaw.
  2517 | D:4      | Gained mutation: You have a pair of horns on your head.
                  | [demonic ancestry]
  2517 | D:4      | Reached XP level 5. HP: 31/42 MP: 5/5
  2518 | D:4      | Reached skill level 4 in Armour
  2948 | D:4      | Found a sacrificial altar of Ru.
  3101 | D:5      | Entered Level 5 of the Dungeon
  3187 | D:5      | Reached skill level 1 in Dodging
  3189 | D:5      | Reached XP level 6. HP: 33/48 MP: 6/6
  3300 | D:5      | Found an opulent altar of Gozag.
  3435 | D:5      | Found a basalt altar of Yredelemnul.
  3484 | D:5      | Reached skill level 5 in Armour
  3505 | D:5      | Gained mutation: You sometimes gain power by taking damage.
                  | [demonic ancestry]
  3505 | D:5      | Reached XP level 7. HP: 28/54 MP: 7/7
  3798 | D:5      | Found a shimmering blue altar of Sif Muna.
  3800 | D:5      | Found an ancient bone altar of Kikubaaqudgha.
  3800 | D:5      | Found a shimmering altar of Xom.
  3802 | D:5      | Found an opulent altar of Gozag.
  3802 | D:5      | Found a bloodstained altar of Trog.
  3802 | D:5      | Found a stormy altar of Qazlal.
  4124 | D:5      | Reached skill level 1 in Stealth
  4538 | D:6      | Reached skill level 6 in Armour
  4594 | D:6      | Reached XP level 8. HP: 55/61 MP: 8/8
  4629 | D:6      | Found the +4 dagger "Morg" {pain, Will+ Int+5}
  4793 | D:6      | Found a staircase to the Ecumenical Temple.
  4803 | Temple   | Entered the Ecumenical Temple
  5095 | Temple   | Became a worshipper of Warmaster Okawaru
  5963 | D:6      | Reached skill level 1 in Invocations
  6266 | D:7      | Reached skill level 5 in Long Blades
  6510 | D:7      | Reached * piety under Okawaru
  6615 | D:7      | Noticed a cyclops
  6633 | D:7      | Killed a cyclops
  6634 | D:7      | Reached skill level 7 in Armour
  6634 | D:7      | Reached XP level 9. HP: 35/66 MP: 11/11
  7529 | D:7      | Identified a scroll of acquirement
  7530 | D:7      | Acquired the +1 cloak of Starlight {*Dazzle EV+4 Stlth--}
  7530 | D:7      | Found the +1 cloak of Starlight {*Dazzle EV+4 Stlth--}
  7674 | D:8      | Reached skill level 1 in Throwing
  7963 | D:8      | Reached ** piety under Okawaru
  8705 | D:8      | Reached skill level 5 in Fighting
  8761 | D:8      | Reached skill level 5 in Invocations
  9427 | D:9      | Reached XP level 10. HP: 67/74 MP: 11/14
  9438 | D:9      | Reached *** piety under Okawaru
  9508 | D:9      | Noticed a cyclops
  9631 | D:9      | Reached skill level 5 in Shields
  9869 | D:9      | Noticed Pikel
  9892 | D:9      | Killed Pikel
  9893 | D:9      | Reached skill level 5 in Dodging
 10462 | D:10     | Entered Level 10 of the Dungeon
 10488 | D:9      | Reached **** piety under Okawaru
 10900 | D:10     | Reached ***** piety under Okawaru
 11112 | D:10     | Reached XP level 11. HP: 74/81 MP: 16/16
 11169 | D:10     | Noticed a boulder beetle
 11184 | D:10     | Killed a boulder beetle
 11205 | D:10     | Received a gift from Okawaru
 11359 | D:10     | Found a staircase to the Lair.
 11381 | D:10     | Noticed a two-headed ogre
 11386 | D:10     | Killed a two-headed ogre
 11775 | D:10     | Found a staircase to the Orcish Mines.
 11910 | D:10     | Noticed a two-headed ogre
 11919 | D:10     | Killed a two-headed ogre
 12677 | Lair:1   | Entered Level 1 of the Lair of Beasts
 12890 | Lair:1   | Found a large runed translucent door.
 12890 | Lair:1   | Found a large runed translucent door.
 12892 | Lair:1   | Noticed NotreDorf's ghost (novice MfGl)
 12920 | Lair:1   | Reached ****** piety under Okawaru
 13081 | Lair:1   | Noticed Gastronok
 13096 | Lair:1   | Killed Gastronok
 13096 | Lair:1   | Identified the +10 chain mail of Sovereignty {SInv}
                  | (Okawaru gifted it to you on level 1 of the Lair of Beasts)
 13096 | Lair:1   | Received a gift from Okawaru
 13097 | Lair:1   | Reached skill level 10 in Long Blades
 13097 | Lair:1   | Gained mutation: When seriously injured, your blood forms
                  | thick armour. (AC +9) [demonic ancestry]
 13097 | Lair:1   | Reached XP level 12. HP: 53/89 MP: 17/19
 13273 | Lair:1   | Reached skill level 8 in Armour
 14620 | Lair:2   | Reached skill level 9 in Armour
 15038 | Lair:2   | Reached skill level 10 in Armour
 15057 | Lair:2   | Noticed Fannar
 15069 | Lair:2   | Killed Fannar
 15359 | Lair:2   | Noticed Nergalle
 15413 | Lair:2   | Killed Nergalle
 15414 | Lair:2   | Reached skill level 11 in Armour
 16365 | Lair:3   | Found a hole to the Spider Nest.
 16545 | Lair:3   | Received a gift from Okawaru
 16806 | Lair:3   | Reached skill level 12 in Armour
 17137 | Lair:3   | Noticed a death yak
 17159 | Lair:3   | Killed a death yak
 17351 | Lair:4   | Gained mutation: You have a pair of large horns on your
                  | head. [demonic ancestry]
 17351 | Lair:4   | Reached XP level 13. HP: 95/95 MP: 20/20
 17359 | Lair:4   | Found a staircase to the Swamp.
 17410 | Lair:4   | Found a dark tunnel.
 17421 | Volcano  | Entered a volcano
 17596 | Volcano  | Received a gift from Okawaru
 17842 | Volcano  | Reached skill level 13 in Armour
 18064 | Volcano  | Noticed a red draconian
 18076 | Volcano  | Killed a red draconian
 18076 | Volcano  | Identified the +3 ring mail of the Kangaroo {rPois rF+
                  | rCorr Int-2 Stlth+} (Okawaru gifted it to you in a volcano)
 18076 | Volcano  | Received a gift from Okawaru
 18090 | Volcano  | Identified the +2 hat of the Depths {rPois rF+ Will- Dex+6}
 19720 | Lair:4   | Reached skill level 14 in Armour
 19752 | Lair:4   | Noticed a dire elephant
 19774 | Lair:4   | Found a runed translucent door.
 20997 | Lair:5   | Reached skill level 15 in Armour
 21643 | Lair:6   | Entered Level 6 of the Lair of Beasts
 21643 | Lair:6   | Found a viscous altar of Jiyva.
 21643 | Lair:6   | Found a staircase to the Slime Pits.
 21659 | Lair:6   | Identified the +3 scale mail "Nonloask" {rElec Str+3 Int-4
                  | SInv} (Okawaru gifted it to you on level 6 of the Lair of
                  | Beasts)
 21659 | Lair:6   | Received a gift from Okawaru
 21926 | Lair:6   | Reached XP level 14. HP: 101/101 MP: 18/21
 22076 | Lair:6   | Reached skill level 5 in Stealth
 23058 | Lair:6   | Received a gift from Okawaru
 24093 | Lair:6   | Identified the +6 falchion of the Crushed Spirits {drain,
                  | rCorr} (Okawaru gifted it to you on level 6 of the Lair of
                  | Beasts)
 24093 | Lair:6   | Received a gift from Okawaru
 24374 | Lair:6   | Found a corrupted altar of Lugonu.
 24374 | Lair:6   | Found a one-way gate to the infinite horrors of the Abyss.
 24398 | Lair:6   | Identified the +7 glaive of Theory {elec, Will- rCorr
                  | Str+5}
 24696 | D:11     | Reached skill level 16 in Armour
 26493 | D:12     | Received a gift from Okawaru
 26591 | D:12     | Gained mutation: You may rarely emit foul miasma when
                  | damaged in melee. [demonic ancestry]
 26591 | D:12     | Reached XP level 15. HP: 67/110 MP: 22/22
 26844 | D:12     | Received a gift from Okawaru
 27096 | D:12     | Identified the +5 halberd of the Saving Hawk {vorpal, rF+
                  | Will+ Dex-4}
 28022 | D:13     | Identified the +0 scale mail "Buekucyo" {*Corrode rF+ SInv}
                  | (Okawaru gifted it to you on level 13 of the Dungeon)
 28022 | D:13     | Received a gift from Okawaru
 28768 | D:13     | Found a gate to the Vaults.
 30695 | D:15     | Entered Level 15 of the Dungeon
 30787 | D:15     | Found a staircase to the Depths.
 30816 | D:15     | Received a gift from Okawaru
 32279 | D:9      | Received a gift from Okawaru
 32279 | D:9      | Found the +18 shield of the Gong {rElec rN+ Will+ EV-5}
 32709 | Orc:1    | Entered Level 1 of the Orcish Mines
 32900 | Orc:1    | Reached skill level 10 in Shields
 32956 | Orc:1    | Noticed an orc warlord
 32980 | Orc:1    | Killed an orc warlord
 33486 | Orc:2    | Entered Level 2 of the Orcish Mines
 34080 | Orc:1    | Noticed Jorgrun
 34103 | Orc:1    | Killed Jorgrun
 34518 | Orc:2    | Slain by an orc knight

Illustrated notes

Levels and vault maps discovered:
D:1:      lightli_iron_boxes, layout_loops_ring, serial_shops, shop
D:2:      layout_rooms, serial_shops, shop,
          wander_ebering_terrifying_dragon_lair
D:3:      layout_basic, dancing_weapons_uskayaw, minmay_ruptured
D:4:      layout_loops_cross, nicolae_ru_path_of_blood
D:5:      layout_cave_pods, mainiacjoe_overflow_surrounded_room,
          zin_scriptorium, mainiacjoe_overflow_six_doors_small,
          doesnt_xom_only_xom
D:6:      layout_layer_cave, minmay_temple_entry_proselytizer, minivault_1
D:7:      layout_basic, serial_corexii_hall, corexii_hall_statues_l,
          corexii_hall_statues_i, roderic_lattice_a
D:8:      layout_loops_cross, lemuel_crystal_altar, chequers_arboretum
D:9:      layout_loops_ring, minmay_misc_feat_four_crosses,
          corexii_leaking_fountain, amcnicky_mini_corridor_feature,
          onia_ninara_dug_in_and_dangerous, uniq_pikel
D:10:     wad_woods_structure_01, layout_basic, erik_lair_orcish_takeover,
          david_orc_4
D:11:     minmay_chambers_of_sixes, layout_basic
D:12:     minmay_connected_boxes_in_corner, layout_loops_corners
D:13:     layout_cave_pods, hangedman_vaults_entry_quadrant_bands
D:14:     layout_small_grid
D:15:     grunt_enter_depths_giant_problem, layout_irregular_city,
          serial_column_ruins, column_ruins_hut, column_ruins_open_small,
          column_ruins_open_small, column_ruins_columns_T,
          column_ruins_open_tiny, trove_entry_hex_spiral, kennysheep_four_rooms
Temple:   regret_index_temple_generic_petals
Lair:1:   layout_gridlike, ebering_ghost_disaster_area, serial_forest,
          infiniplex_forest_straight_1, infiniplex_forest_end_3,
          infiniplex_forest_clump_diagonal, infiniplex_forest_clump_large,
          infiniplex_forest_end_2, infiniplex_forest_end_1,
          infiniplex_forest_lined_3, uniq_gastronok
Lair:2:   beast_lair_carwin_large_2, layout_gridlike, grunt_megastairs_5,
          uniq_nergalle, uniq_fannar
Lair:3:   layout_regular_city, dummy_spider_entry,
          nicolae_quartered_pool_impasse, chequers_serial_rivers_room_b,
          grunt_forest_large_clearing_hut
Lair:4:   gammafunk_lair_enchanted_lake, layout_cave_pods,
          skrybe_swamp_entry_bodies, lightli_volcano_entry_magma_tube
Lair:5:   layout_hall_layers, minmay_lair_oklob_bushes, beast_lair_carwin_11
Lair:6:   hellmonk_lair_end_abyssal_woods, layout_cave_pods, slime_altar_1
Orc:1:    layout_diamond_mine, okawaru_metal_pillars_1_2, uniq_jorgrun
Orc:2:    st_orc_pillars, layout_diamond_mine, basic_altar

Skill      XL: |  1  2  3  4  5  6  7  8  9 10 11 12 13 14 15 |
---------------+----------------------------------------------+-----
Long Blades    | 2 3 4 5 7 8 10 11 12 | 12.3
Armour         | 3 4 5 6 7 12 15 16 | 16.6
Shields        | 3 4 5 6 8 10 | 10.7
Dodging        | 1 2 3 4 5 7 8 |  8.1
Fighting       | 4 5 6 8 |  8.9
Stealth        | 1 2 3 4 6 |  6.6
Invocations    | 3 5 7 9 |  9.5
Throwing       | 1 |  1.4

Action                   |  1- 3 |  4- 6 |  7- 9 | 10-12 | 13-15 || total
-------------------------+-------+-------+-------+-------+-------++-------
Melee: Long sword        |    85 |       |       |       |       ||    85
       Headbutt          |    12 |     9 |    48 |   262 |   558 ||   889
       Falchion          |    15 |    71 |   219 |   867 |  1862 ||  3034
Throw: Boomerang         |       |       |    12 |       |       ||    12
       Javelin           |       |       |     2 |       |       ||     2
       Dart              |       |       |       |     2 |     2 ||     4
Invok: Heroism           |       |       |     1 |     4 |    18 ||    23
Evoke: Wand              |       |       |       |     3 |     6 ||     9
       Condenser vane    |       |       |       |       |     1 ||     1
  Use: Potion            |     1 |       |       |     4 |     6 ||    11
       Scroll            |       |       |     9 |    11 |    14 ||    34
 Stab: Invisible         |       |       |     4 |    37 |    98 ||   139
       Petrifying        |       |       |       |       |     1 ||     1
Armor: Scale mail        |    55 |    37 |    30 |       |       ||   122
       Ring mail         |       |       |     7 |   125 |       ||   132
       Chain mail        |       |       |       |     5 |   836 ||   841
Dodge: Dodged            |    45 |    19 |    87 |   382 |  1135 ||  1668
Block: Buckler           |    23 |    18 |    99 |   348 |   457 ||   945
       Reflection        |       |       |     3 |     9 |    12 ||    24
       Kite shield       |       |       |       |       |  1002 ||  1002
